NYP
ABERDEEN IRONBIRDS @ HUDSON VALLEY RENEGADES
08/03/2046
 
TOP OF THE 1ST
Aberdeen Ironbirds batting - Pitching for Hudson Valley Renegades : RHP Jaime Astacio
Pitching: RHP Jaime Astacio
Batting: RHB Jeremy Sipe 0-0: Ball
1-0: Ball
2-0: Ball
3-0: Called Strike
3-1: Foul Ball, location: 2F
3-2: Strikes out swinging
Batting: LHB Adam Oldfield 0-0: Ball
1-0: Fly out, F8 (Flyball, 8RS, EV 90.0 MPH)
Batting: RHB Luis Tovar 0-0: Called Strike
0-1: Foul Ball, location: 2F
0-2: Foul Ball, location: 2F
0-2: Foul Ball, location: 2F
0-2: Foul Ball, location: 2F
0-2: Ball
1-2: Foul Ball, location: 2F
1-2: Foul Ball, location: 2F
1-2: Foul Ball, location: 2F
1-2: Ground out 6-3 (Groundball, 6M, EV 85.6 MPH)
Top of the 1st over - 0 runs, 0 hits, 0 errors, 0 left on base; Aberdeen 0 - Hudson Valley 0
BOTTOM OF THE 1ST
Hudson Valley Renegades batting - Pitching for Aberdeen Ironbirds : RHP Jonathan Spicer
Pitching: RHP Jonathan Spicer
Batting: RHB Eric Narrow 0-0: Ball
1-0: Ball
2-0: Foul Ball, location: 2F
2-1: Foul Ball, location: 2F
2-2: Foul Ball, location: 2F
2-2: Ground out 6-3 (Groundball, 56, EV 103.1 MPH)
Batting: RHB Nelle Lommen 0-0: Called Strike
0-1: Foul Ball, location: 2F
0-2: Ball
1-2: Ball
2-2: Strikes out swinging
Batting: SHB Suljo Dokic 0-0: Called Strike
0-1: Foul Ball, location: 2F
0-2: Foul Ball, location: 2F
0-2: Ball
1-2: Ball
2-2: Hit by Pitch
Batting: LHB Tony Zizumbo 0-0: Ball
1-0: Ball
2-0: Called Strike
2-1: Foul Ball, location: 2F
2-2: Strikes out swinging
Bottom of the 1st over - 0 runs, 0 hits, 0 errors, 1 left on base; Aberdeen 0 - Hudson Valley 0
TOP OF THE 2ND
Aberdeen Ironbirds batting - Pitching for Hudson Valley Renegades : RHP Jaime Astacio
Batting: LHB Tomas de Zeeuw 0-0: SINGLE (Groundball, 34D, EV 103.8 MPH) (infield hit)
Batting: RHB Matt O'Dea 0-0: Ball
1-0: Called Strike
Tomas de Zeeuw steals 2nd base
1-1: DOUBLE (Line Drive, 5D, EV 101.2 MPH)
Tomas de Zeeuw scores
Batting: RHB Danny Baeza 0-0: Called Strike
0-1: Fly out, F8 (Flyball, 8RD, EV 99.4 MPH)
Batting: RHB Ray Sims 0-0: Foul Ball, location: 2F
0-1: Ground out 6-3 (Groundball, 6, EV 93.1 MPH)
Batting: LHB Miguel Medina 0-0: Called Strike
0-1: Ball
1-1: Foul Ball, location: 2F
1-2: Strikes out swinging
Top of the 2nd over - 1 run, 2 hits, 0 errors, 1 left on base; Aberdeen 1 - Hudson Valley 0
BOTTOM OF THE 2ND
Hudson Valley Renegades batting - Pitching for Aberdeen Ironbirds : RHP Jonathan Spicer
Batting: RHB Wil Urban 0-0: Ball
1-0: Ground out 6-3 (Groundball, 6, EV 101.2 MPH)
Batting: RHB Evan Chalarian 0-0: Called Strike
0-1: Ground out U3 (Groundball, 34S, EV 65.0 MPH)
Batting: LHB Jeremy Burton 0-0: Ball
1-0: Ball
2-0: Fly out, F7 (Line Drive, 5D, EV 72.5 MPH)
Bottom of the 2nd over - 0 runs, 0 hits, 0 errors, 0 left on base; Aberdeen 1 - Hudson Valley 0
TOP OF THE 3RD
Aberdeen Ironbirds batting - Pitching for Hudson Valley Renegades : RHP Jaime Astacio
Batting: RHB Andy Bridger 0-0: Ball
1-0: Ball
2-0: Ball
3-0: Base on Balls
Batting: RHB Jeremy Sipe 0-0: Reached on error, E4 (Groundball, 4S, EV 67.5 MPH)
Andy Bridger to second
Batting: LHB Adam Oldfield 0-0: Foul Ball, location: 2F
0-1: Fielders Choice at 2nd, 4-6 (Groundball, 4, EV 85.6 MPH)
Andy Bridger to third
Batting: RHB Luis Tovar 0-0: Foul Ball, location: 2F
0-1: Ball
1-1: Fly out, F5 (Line Drive, 5, EV 66.9 MPH)
Batting: LHB Tomas de Zeeuw 0-0: Called Strike
0-1: Ball
Wild Pitch!
Andy Bridger scores
Adam Oldfield to second
1-1: Called Strike
1-2: Ball
2-2: Fly out, F7 (Flyball, 7, EV 82.5 MPH)
Top of the 3rd over - 1 run, 0 hits, 1 error, 1 left on base; Aberdeen 2 - Hudson Valley 0
BOTTOM OF THE 3RD
Hudson Valley Renegades batting - Pitching for Aberdeen Ironbirds : RHP Jonathan Spicer
Batting: RHB Jesus Carrillo 0-0: Ball
1-0: Fly out, F7 (Flyball, 78M, EV 87.5 MPH)
Batting: SHB Josif Popovski 0-0: Ball
1-0: Called Strike
1-1: Called Strike
1-2: Foul Ball, location: 2F
1-2: Ground out 4-3 (Groundball, 4, EV 78.1 MPH)
Batting: RHB Eric Narrow 0-0: Ball
1-0: Ball
2-0: Swinging Strike
2-1: Ball
3-1: Swinging Strike
3-2: Strikes out looking
Bottom of the 3rd over - 0 runs, 0 hits, 0 errors, 0 left on base; Aberdeen 2 - Hudson Valley 0
TOP OF THE 4TH
Aberdeen Ironbirds batting - Pitching for Hudson Valley Renegades : RHP Jaime Astacio
Batting: RHB Matt O'Dea 0-0: Called Strike
0-1: Called Strike
0-2: Ball
1-2: Ball
2-2: Ball
3-2: Ground out 5-3 (Groundball, 56, EV 85.6 MPH)
Batting: RHB Danny Baeza 0-0: Fly out, F3 (Line Drive, 3, EV 60.6 MPH)
Batting: RHB Ray Sims 0-0: Called Strike
0-1: Foul Ball, location: 2F
0-2: Fly out, F7 (Flyball, 78S, EV 71.2 MPH)
Top of the 4th over - 0 runs, 0 hits, 0 errors, 0 left on base; Aberdeen 2 - Hudson Valley 0
BOTTOM OF THE 4TH
Hudson Valley Renegades batting - Pitching for Aberdeen Ironbirds : RHP Jonathan Spicer
Batting: RHB Nelle Lommen 0-0: Ground out 4-3 (Groundball, 4, EV 90.0 MPH)
Batting: SHB Suljo Dokic 0-0: Ball
1-0: Called Strike
1-1: Ball
2-1: Ball
3-1: Foul Ball, location: 2F
3-2: Strikes out looking
Batting: LHB Tony Zizumbo 0-0: Foul Ball, location: 2F
0-1: Foul Ball, location: 2F
0-2: Ball
1-2: Strikes out swinging
Bottom of the 4th over - 0 runs, 0 hits, 0 errors, 0 left on base; Aberdeen 2 - Hudson Valley 0
TOP OF THE 5TH
Aberdeen Ironbirds batting - Pitching for Hudson Valley Renegades : RHP Jaime Astacio
Batting: LHB Miguel Medina 0-0: Fly out, F9 (Line Drive, 9, EV 94.4 MPH)
Batting: RHB Andy Bridger 0-0: Ball
1-0: Ball
2-0: Ball
3-0: Called Strike
3-1: Foul Ball, location: 2F
3-2: Strikes out swinging
Batting: RHB Jeremy Sipe 0-0: Ball
1-0: Ball
2-0: Called Strike
2-1: DOUBLE (Line Drive, 7LM, EV 105.6 MPH)
Batting: LHB Adam Oldfield 0-0: Ball
1-0: Ball
2-0: Foul Ball, location: 2F
2-1: Swinging Strike
2-2: Strikes out swinging
Top of the 5th over - 0 runs, 1 hit, 0 errors, 1 left on base; Aberdeen 2 - Hudson Valley 0
BOTTOM OF THE 5TH
Hudson Valley Renegades batting - Pitching for Aberdeen Ironbirds : RHP Jonathan Spicer
Batting: RHB Wil Urban 0-0: Ball
1-0: Ground out 5-3 (Groundball, 56, EV 106.2 MPH)
Batting: RHB Evan Chalarian 0-0: Ball
1-0: Ball
2-0: Foul Ball, location: 2F
2-1: SINGLE (Groundball, 34S, EV 65.0 MPH) (infield hit)
Batting: LHB Jeremy Burton 0-0: Called Strike
0-1: Swinging Strike
0-2: Strikes out swinging
Batting: RHB Jesus Carrillo 0-0: Called Strike
0-1: Ball
1-1: Ball
2-1: Ball
Evan Chalarian steals 2nd, throwing error, E2
Evan Chalarian to third
3-1: Fly out, F3 (Popup, 23F, EV 76.2 MPH)
Bottom of the 5th over - 0 runs, 1 hit, 1 error, 1 left on base; Aberdeen 2 - Hudson Valley 0
TOP OF THE 6TH
Aberdeen Ironbirds batting - Pitching for Hudson Valley Renegades : RHP Jaime Astacio
Batting: RHB Luis Tovar 0-0: Called Strike
0-1: Ball
1-1: Swinging Strike
1-2: Foul Ball, location: 2F
1-2: Ball
2-2: Ball
3-2: Foul Ball, location: 2F
3-2: Foul Ball, location: 2F
3-2: Foul Ball, location: 2F
3-2: Ground out 5-3 (Groundball, 56, EV 100.6 MPH)
Batting: LHB Tomas de Zeeuw 0-0: Fly out, F8 (Flyball, 8LD, EV 106.9 MPH)
Batting: RHB Matt O'Dea 0-0: Called Strike
0-1: Foul Ball, location: 2F
0-2: Ball
1-2: Strikes out swinging
Top of the 6th over - 0 runs, 0 hits, 0 errors, 0 left on base; Aberdeen 2 - Hudson Valley 0
BOTTOM OF THE 6TH
Hudson Valley Renegades batting - Pitching for Aberdeen Ironbirds : RHP Jonathan Spicer
Batting: SHB Josif Popovski 0-0: Foul Ball, location: 2F
0-1: Ball
1-1: Foul Ball, location: 2F
1-2: Ball
2-2: Foul Ball, location: 2F
2-2: Strikes out swinging
Batting: RHB Eric Narrow 0-0: Ball
1-0: Ball
2-0: Ground out 3-1 (Groundball, 34S, EV 90.0 MPH)
Batting: RHB Nelle Lommen 0-0: Ball
1-0: Ball
2-0: Ball
3-0: Base on Balls
Pitching: RHP Brian Tarver
Batting: SHB Suljo Dokic 0-0: Ball
1-0: Ball
2-0: Called Strike
2-1: Foul Ball, location: 2F
2-2: Hit by Pitch
Nelle Lommen to second
Batting: LHB Tony Zizumbo 0-0: Foul Ball, location: 2F
0-1: Ball
1-1: Foul Ball, location: 2F
1-2: Ball
2-2: Strikes out swinging
Bottom of the 6th over - 0 runs, 0 hits, 0 errors, 2 left on base; Aberdeen 2 - Hudson Valley 0
TOP OF THE 7TH
Aberdeen Ironbirds batting - Pitching for Hudson Valley Renegades : RHP Jaime Astacio
Batting: RHB Danny Baeza 0-0: Called Strike
0-1: Ground out 6-3 (Groundball, 56, EV 102.5 MPH)
Batting: RHB Ray Sims 0-0: Foul Ball, location: 2F
0-1: Foul Ball, location: 2F
0-2: Ball
1-2: Foul Ball, location: 2F
1-2: Strikes out swinging
Batting: LHB Miguel Medina 0-0: Ball
1-0: Ball
2-0: Ball
3-0: Base on Balls
Pitching: RHP Adam Worrell
Batting: RHB Andy Bridger 0-0: Called Strike
Miguel Medina steals 2nd base
0-1: Fly out, F7 (Flyball, 7LM, EV 89.4 MPH)
Top of the 7th over - 0 runs, 0 hits, 0 errors, 1 left on base; Aberdeen 2 - Hudson Valley 0
BOTTOM OF THE 7TH
Hudson Valley Renegades batting - Pitching for Aberdeen Ironbirds : RHP Brian Tarver
Batting: RHB Wil Urban 0-0: Foul Ball, location: 2F
0-1: Ball
1-1: Ball
2-1: Foul Ball, location: 2F
2-2: Strikes out swinging
Batting: RHB Evan Chalarian 0-0: Ball
1-0: Swinging Strike
1-1: Ball
2-1: Foul Ball, location: 2F
2-2: Strikes out swinging
Batting: LHB Jeremy Burton 0-0: Ball
1-0: Foul Ball, location: 2F
1-1: Fly out, F4 (Line Drive, 4, EV 73.1 MPH)
Bottom of the 7th over - 0 runs, 0 hits, 0 errors, 0 left on base; Aberdeen 2 - Hudson Valley 0
TOP OF THE 8TH
Aberdeen Ironbirds batting - Pitching for Hudson Valley Renegades : RHP Adam Worrell
Batting: RHB Jeremy Sipe 0-0: SINGLE (Groundball, 56, EV 103.8 MPH) (infield hit)
Batting: LHB Adam Oldfield 0-0: Called Strike
Jeremy Sipe steals 2nd base
0-1: SINGLE (Groundball, 3D, EV 97.5 MPH)
Jeremy Sipe to third
Runner from 3rd tries for Home, SAFE, throw by RF to home
Adam Oldfield to second
Batting: RHB Luis Tovar 0-0: Ball
1-0: Reached via error on a dropped throw from SS, E3 (Groundball, 6, EV 86.9 MPH)
Adam Oldfield to third
Batting: LHB Tomas de Zeeuw 0-0: Ball
1-0: Fielders Choice at 2nd, 4-6 (Groundball, 4, EV 93.8 MPH)
Adam Oldfield scores
Batting: RHB Matt O'Dea 0-0: Ball
1-0: Called Strike
1-1: Swinging Strike
1-2: Ball
2-2: Strikes out looking
Batting: RHB Danny Baeza 0-0: Ball
1-0: Called Strike
1-1: Ball
Wild Pitch!
Tomas de Zeeuw to second
2-1: Ball
3-1: Foul Ball, location: 2F
3-2: Strikes out swinging
Top of the 8th over - 2 runs, 2 hits, 1 error, 1 left on base; Aberdeen 4 - Hudson Valley 0
BOTTOM OF THE 8TH
Hudson Valley Renegades batting - Pitching for Aberdeen Ironbirds : RHP Brian Tarver
Now in RF: Ben Sutton
Batting: RHB Jesus Carrillo 0-0: Swinging Strike
0-1: Called Strike
0-2: Ball
1-2: Ball
2-2: Ball
3-2: Foul Ball, location: 2F
3-2: SINGLE (Groundball, 6MD, EV 100.0 MPH)
Batting: SHB Josif Popovski 0-0: Ball
1-0: Called Strike
1-1: Ball
2-1: Foul Ball, location: 2F
2-2: Strikes out looking
Pinch Hitting: LHB Josh Redfern 0-0: Ball
1-0: Foul Ball, location: 2F
1-1: Swinging Strike
1-2: Foul Ball, location: 2F
1-2: Ball
2-2: Foul Ball, location: 2F
2-2: Foul Ball, location: 2F
2-2: Ball
3-2: Foul Ball, location: 2F
3-2: Base on Balls
Jesus Carrillo to second
Pitching: RHP Frank Caillouet
Batting: RHB Nelle Lommen 0-0: Ball
1-0: Ball
2-0: Called Strike
2-1: Ball
3-1: Foul Ball, location: 2F
3-2: Fly out, F8 (Flyball, 8RD, EV 101.2 MPH)
Runner from 2nd tags up, OUT at 3rd! 8-5
Bottom of the 8th over - 0 runs, 1 hit, 0 errors, 1 left on base; Aberdeen 4 - Hudson Valley 0
TOP OF THE 9TH
Aberdeen Ironbirds batting - Pitching for Hudson Valley Renegades : RHP Adam Worrell
Now in RF: Josh Redfern
Batting: RHB Ray Sims 0-0: Called Strike
0-1: Ground out 5-3 (Groundball, 5, EV 82.5 MPH)
Batting: LHB Miguel Medina 0-0: Ball
1-0: Ball
2-0: Called Strike
2-1: Swinging Strike
2-2: Ball
3-2: Strikes out swinging
Batting: RHB Andy Bridger 0-0: Ball
1-0: Called Strike
1-1: Swinging Strike
1-2: Fly out, F3 (Popup, 3L, EV 84.4 MPH)
Top of the 9th over - 0 runs, 0 hits, 0 errors, 0 left on base; Aberdeen 4 - Hudson Valley 0
BOTTOM OF THE 9TH
Hudson Valley Renegades batting - Pitching for Aberdeen Ironbirds : RHP Frank Caillouet
Pitching: RHP Chris Kimura
Batting: SHB Suljo Dokic 0-0: Ball
1-0: Foul Ball, location: 2F
1-1: Ball
2-1: Ground out 2-3 (Groundball, 13S, EV 66.9 MPH)
Batting: LHB Tony Zizumbo 0-0: Ball
1-0: Ball
2-0: Ball
3-0: Base on Balls
Batting: RHB Wil Urban 0-0: Called Strike
0-1: Foul Ball, location: 2F
0-2: Ball
1-2: Ball
2-2: Strikes out swinging
Batting: RHB Evan Chalarian 0-0: Called Strike
0-1: Foul Ball, location: 2F
0-2: Ball
1-2: Ball
2-2: Ball
3-2: Ground out 5-3 (Groundball, 56, EV 83.1 MPH)
Bottom of the 9th over - 0 runs, 0 hits, 0 errors, 1 left on base; Aberdeen 4 - Hudson Valley 0
Tuesday, September 13th , 2022 - OOTP Baseball 23.7 Build 88